 Dungeon Crawl Stone Soup version 0.30-a0-168-g0b976cbdc4 (webtiles) character file.

Game seed: 14621884051716372891

2551 qw the Cleaver (level 9, -8/56 HPs)
             Began as a Gargoyle Fighter on Sept 29, 2022.
             Was an Initiate of Okawaru.
             Mangled by a death yak (17 damage)
             ... on level 8 of the Dungeon.
             The game lasted 00:03:04 (7506 turns).

qw the Cleaver (Gargoyle Fighter)                   Turns: 7506, Time: 00:03:05

Health: -8/56      AC: 26    Str: 24    XL:     9   Next: 56%
Magic:  9/9        EV:  7    Int:  9    God:    Okawaru [......]
Gold:   122        SH:  5    Dex: 15    Spells: 8/8 levels left

rFire   . . .      SeeInvis .    Y - +3 war axe
rCold   . . .      Faith    .    c - +0 buckler
rNeg    + . .      Spirit   .    j - +1 plate armour
rPois   inf        Reflect  .    m - +1 helmet
rElec   +          Harm     .    (no cloak)
rCorr   .          Rampage  .    l - +0 pair of gloves
Will    .....                    o - +1 pair of boots
Stlth   ..........               (no amulet)
HPRegen 0.18/turn                b - +6 ring of dexterity
MPRegen 0.11/turn                (no ring)

@: about to teleport
A: sickness immunity, AC +6, negative energy resistance 1, electricity
resistance, torment resistance 1, petrification resistance
a: Renounce Religion


You were on level 8 of the Dungeon.
You worshipped Okawaru.
Okawaru was noncommittal.
You visited 2 branches of the dungeon, and saw 9 of its levels.

You collected 412 gold pieces.
You spent 290 gold pieces at shops.


Innate Abilities, Weirdness & Mutations

You are immune to sickness and miasma.
Your stone body is resilient. (AC +6)
You are immune to poison.
You resist negative energy. (rN+)
You are resistant to electric shocks. (rElec)
You are resistant to unholy torment.
You are immune to petrification.


   Skills:
 + Level 6.6 Fighting
 - Level 9.0 Axes
 - Level 1.3 Throwing
 - Level 6.2 Armour
 - Level 2.2 Dodging
 - Level 4.0 Shields


You had 8 spell levels left.
You didn't know any spells.
Your spell library was empty.

Inventory:

Hand Weapons
 t - a +2 flail of holy wrath
 Y - a +3 war axe (weapon)
Missiles
 q - a boomerang (quivered)
Armour
 c - a +0 buckler (worn)
 j - a +1 plate armour (worn)
 l - a +0 pair of gloves (worn)
 m - a +1 helmet (worn)
 o - a +1 pair of boots (worn)
Jewellery
 b - a +6 ring of dexterity (left hand)
Scrolls
 g - 4 scrolls of identify
 s - 2 scrolls of teleportation
Potions
 a - a potion of resistance
 d - 3 potions of might
 e - 4 potions of curing
 f - 3 potions of attraction
 i - a potion of mutation
 k - 4 potions of lignification
 n - a potion of cancellation
 p - a potion of haste

Dungeon Overview and Level Annotations

Branches:
Dungeon (8/15)             Temple (1/1) D:7
   Lair: D:8-11

Altars:
Ashenzari
Cheibriados
Dithmenos
Elyvilon
Fedhas
Gozag
Hepliaklqana
Makhleb
Nemelex Xobeh
Okawaru
Qazlal
Ru
Sif Muna
Trog
Vehumet
Wu Jian
Xom
Yredelemnul
Zin
The Shining One

Shops:
D:7 *

Annotations:
D:6 3 runed translucent doors, qw's ghost, novice GrFi


Message History

7499 ||| Stepping ~*~*~tactically~*~*~ (stealth).
The yak bellows!
You hit the yak but do no damage.
The yak is heavily wounded.
You slash the yak!
You hear a shout!
The yak gores you but does no damage. The yak gores you.
A yak comes into view.
The yak bellows!
You slash the yak!
The yak is almost dead.
You hit the yak.
You hear a bellow!
You hear a loud, deep croak!
The yak gores you but does no damage. x2
A death yak comes into view.
The death yak snorts and paws the ground.
You block the yak's attack. The yak gores you but does no damage.
You hit the yak but do no damage.
The yak is almost dead.
You barely miss the yak. The yak gores you but does no damage.
The yak gores you.
You hit the yak.
You kill the yak!
Okawaru accepts your kill.
You barely miss the yak. The yak gores you but does no damage.
A bullfrog comes into view.
You hit the yak but do no damage.
The yak is heavily wounded.
You hit the death yak. The death yak gores you!
You hit the death yak.
The death yak is lightly wounded.
You hit the death yak. You slash the yak! The yak barely misses you.
The death yak gores you.
7506 ||| READING 3 scrolls of teleportation.
As you read the scroll of teleportation, it crumbles to dust.
You feel strangely unstable. You block the death yak's attack.
The yak gores you. The death yak gores you!
You die...

####.#..#
#....#..#
###'####..#
#....# #..#
#....# #..# ###
#....# ..## ....
#....# #Y.#.....
#....####Y.F....#
#.......@Y#......
#........Y%.Y...#
###..............
##########.....
:.... .... .#. .#


You could see 2 death yaks, 3 yaks and a bullfrog.

Vanquished Creatures
  A yak (D:8)
  Edmund (D:5)
  An orc warrior (D:7)
  2 black bears
  2 sky beasts
  3 kobold brigands
  2 bullfrogs
  A gnoll sergeant (D:5)
  6 scorpions
  3 necrophages
  A killer bee (D:5)
  3 hounds (D:5)
  3 orc priests
  3 jellies
  3 iguanas
  7 orc wizards
  7 gnolls
  12 adders
  A shadow imp (D:5)
  4 white imps
  2 ufetubi (D:5)
  3 worms
  4 dart slugs
  18 orcs
  5 endoplasms
  3 giant cockroaches
  7 goblins
  8 hobgoblins
  16 kobolds
  4 quokkas
  13 ball pythons
  3 bats
  6 frilled lizards
  8 rats
166 creatures vanquished.

Notes
Turn   | Place    | Note
-------+----------+-------------------------------------------
     0 | D:1      | qw the Gargoyle Fighter began the quest for the Orb.
     0 | D:1      | Reached XP level 1. HP: 14/14 MP: 1/1
     0 | D:1      | 0 ||| qw: Version: 0.2-a-12-gaebbb33
     0 | D:1      | 0 ||| qw: Game counter: 1227
     0 | D:1      | 0 ||| qw: Always use a shield: true
     0 | D:1      | 0 ||| qw: God list: Okawaru
     0 | D:1      | 0 ||| qw: Allow faded altars: false
     0 | D:1      | 0 ||| qw: Do Orc after D:15 true
     0 | D:1      | 0 ||| qw: Do second Lair branch before Depths: true
     0 | D:1      | 0 ||| qw: Lair rune preference: random
     0 | D:1      | 0 ||| qw: Plans: Normal, Zot:1-4, God:TSO, Crypt, Tomb,
                  | Pan, Slime:5, Hells, Abyss, Orb
     0 | D:1      | 0 ||| PLANNING D:1-11
    76 | D:1      | 76 ||| Stepping ~*~*~tactically~*~*~ (hiding).
    82 | D:1      | Reached skill level 2 in Axes
   168 | D:1      | Reached XP level 2. HP: 19/19 MP: 2/2
   192 | D:1      | Found a faded altar of an unknown god.
   392 | D:1      | Reached skill level 3 in Axes
   607 | D:1      | 607 ||| READING scroll labelled WEATOY FUJUI.
   608 | D:1      | 608 ||| READING 2 scrolls labelled ZUDEWNUWYI.
   609 | D:1      | 609 ||| READING scroll labelled RICHAY LIEPPU.
   610 | D:1      | 610 ||| READING scroll labelled XENGAQ UPPOFUW.
   611 | D:1      | 611 ||| DRINKING 2 smoky puce potions.
   612 | D:1      | 612 ||| DRINKING 2 bubbling golden potions.
   725 | D:2      | Reached XP level 3. HP: 20/23 MP: 3/3
   732 | D:2      | 732 ||| Stepping ~*~*~tactically~*~*~ (stealth).
   734 | D:2      | 734 ||| Stepping ~*~*~tactically~*~*~ (stealth).
   799 | D:2      | 799 ||| Stepping ~*~*~tactically~*~*~ (stealth).
   911 | D:2      | 911 ||| DROPPING +0 club.
   919 | D:2      | 919 ||| Stepping ~*~*~tactically~*~*~ (stealth).
   920 | D:2      | 920 ||| Stepping ~*~*~tactically~*~*~ (stealth).
   927 | D:2      | 927 ||| Stepping ~*~*~tactically~*~*~ (stealth).
  1113 | D:2      | Found a glowing silver altar of Zin.
  1133 | D:2      | Reached XP level 4. HP: 25/28 MP: 4/4
  1139 | D:2      | Reached skill level 4 in Axes
  1142 | D:2      | HP: 7/28 [gnoll/+0 spear (3)]
  1594 | D:2      | 1594 ||| READING scroll labelled JAURIU ZUENEUT.
  1595 | D:2      | 1595 ||| STAIRDANCE
  1598 | D:1      | 1598 ||| READING scroll labelled PEKIGI YFIELY.
  1599 | D:1      | 1599 ||| READING scroll labelled XIEJ IGUKHLOKYT.
  1600 | D:1      | 1600 ||| READING scroll labelled FULAGEFEJU.
  1601 | D:1      | 1601 ||| DRINKING 2 metallic puce potions.
  1602 | D:1      | 1602 ||| DRINKING 2 purple potions.
  1603 | D:1      | 1603 ||| READING 4 scrolls of identify.
  1603 | D:1      | 1603 ||| IDENTIFYING blue potion
  1604 | D:1      | 1604 ||| READING 3 scrolls of identify.
  1604 | D:1      | 1604 ||| IDENTIFYING smoky cyan potion
  1605 | D:1      | 1605 ||| DROPPING potion of magic.
  1896 | D:3      | 1896 ||| Stepping ~*~*~tactically~*~*~ (hiding).
  1897 | D:3      | 1897 ||| Stepping ~*~*~tactically~*~*~ (hiding).
  2162 | D:3      | Reached XP level 5. HP: 32/32 MP: 5/5
  2594 | D:3      | 2594 ||| UPGRADING to +0 plate armour.
  2604 | D:3      | 2604 ||| DROPPING +0 scale mail.
  2605 | D:3      | 2605 ||| READING scroll of enchant armour.
  2605 | D:3      | 2605 ||| ENCHANTING +0 plate armour.
  2606 | D:3      | 2606 ||| READING 3 scrolls of identify.
  2606 | D:3      | 2606 ||| IDENTIFYING emerald potion
  2607 | D:3      | 2607 ||| DROPPING potion of flight.
  2637 | D:4      | Reached skill level 5 in Axes
  2752 | D:4      | 2752 ||| Stepping ~*~*~tactically~*~*~ (stealth).
  2960 | D:4      | Reached XP level 6. HP: 34/38 MP: 6/6
  3002 | D:4      | Found a shadowy altar of Dithmenos.
  3571 | D:4      | 3571 ||| UPGRADING to +0 pair of boots.
  3576 | D:4      | 3576 ||| UPGRADING to +6 ring of dexterity.
  3577 | D:4      | 3577 ||| DRINKING 2 cyan potions.
  3578 | D:4      | 3578 ||| READING 3 scrolls of identify.
  3578 | D:4      | 3578 ||| IDENTIFYING silvery potion
  3589 | D:5      | Entered Level 5 of the Dungeon
  3657 | D:5      | 3657 ||| Stepping ~*~*~tactically~*~*~ (hiding).
  3668 | D:5      | 3668 ||| Stepping ~*~*~tactically~*~*~ (stealth).
  3718 | D:5      | 3718 ||| READING scroll of teleportation.
  3725 | D:5      | Reached skill level 1 in Dodging
  3726 | D:5      | HP: 8/38 [white imp/puff of frost (8)]
  3727 | D:5      | 3727 ||| DRINKING potion of heal wounds.
  3832 | D:5      | 3832 ||| Stepping ~*~*~tactically~*~*~ (stealth).
  3929 | D:5      | 3929 ||| Stepping randomly (stuck).
  3930 | D:5      | 3930 ||| Stepping randomly (stuck).
  3931 | D:5      | 3931 ||| Stepping randomly (stuck).
  3932 | D:5      | 3932 ||| Stepping randomly (stuck).
  3933 | D:5      | 3933 ||| Stepping randomly (stuck).
  3963 | D:5      | 3963 ||| Stepping ~*~*~tactically~*~*~ (stealth).
  3964 | D:5      | 3964 ||| Stepping ~*~*~tactically~*~*~ (stealth).
  4025 | D:5      | 4025 ||| Stepping randomly (stuck).
  4026 | D:5      | 4026 ||| Stepping randomly (stuck).
  4041 | D:5      | 4041 ||| Stepping ~*~*~tactically~*~*~ (hiding).
  4050 | D:5      | Reached skill level 6 in Axes
  4072 | D:5      | 4072 ||| Stepping ~*~*~tactically~*~*~ (stealth).
  4082 | D:5      | Reached XP level 7. HP: 39/43 MP: 7/7
  4190 | D:5      | 4190 ||| READING scroll of enchant weapon.
  4190 | D:5      | 4190 ||| ENCHANTING +1 war axe.
  4252 | D:5      | 4252 ||| Stepping ~*~*~tactically~*~*~ (hiding).
  4271 | D:5      | Reached skill level 7 in Axes
  4417 | D:5      | 4417 ||| Stepping ~*~*~tactically~*~*~ (stealth).
  4423 | D:5      | 4423 ||| Stepping ~*~*~tactically~*~*~ (stealth).
  4605 | D:5      | Reached XP level 8. HP: 44/49 MP: 8/8
  4636 | D:5      | 4636 ||| Stepping ~*~*~tactically~*~*~ (stealth).
  4637 | D:5      | 4637 ||| Stepping ~*~*~tactically~*~*~ (stealth).
  4641 | D:5      | 4641 ||| Stepping ~*~*~tactically~*~*~ (stealth).
  4645 | D:5      | 4645 ||| Stepping ~*~*~tactically~*~*~ (stealth).
  4647 | D:5      | 4647 ||| Stepping ~*~*~tactically~*~*~ (stealth).
  4648 | D:5      | 4648 ||| Stepping ~*~*~tactically~*~*~ (stealth).
  4705 | D:5      | Reached skill level 1 in Throwing
  4796 | D:5      | Noticed Edmund
  4811 | D:5      | Killed Edmund
  4834 | D:5      | 4834 ||| DROPPING +0 flail.
  4944 | D:5      | 4944 ||| Stepping ~*~*~tactically~*~*~ (stealth).
  4946 | D:5      | 4946 ||| Stepping ~*~*~tactically~*~*~ (stealth).
  4948 | D:5      | 4948 ||| Stepping ~*~*~tactically~*~*~ (hiding).
  4949 | D:5      | 4949 ||| Stepping ~*~*~tactically~*~*~ (hiding).
  4963 | D:5      | 4963 ||| READING scroll of enchant armour.
  4963 | D:5      | 4963 ||| ENCHANTING +0 pair of boots.
  4978 | D:5      | 4978 ||| READING scroll of enchant weapon.
  4978 | D:5      | 4978 ||| ENCHANTING +2 war axe.
  4995 | D:5      | 4995 ||| Stepping ~*~*~tactically~*~*~ (hiding).
  5007 | D:5      | 5007 ||| Stepping ~*~*~tactically~*~*~ (hiding).
  5061 | D:5      | Reached skill level 8 in Axes
  5398 | D:5      | 5398 ||| UPGRADING to +0 helmet.
  5403 | D:5      | 5403 ||| READING scroll labelled CIAGIT FUGOL.
  5404 | D:5      | 5404 ||| READING scroll labelled BICLACR PARY.
  5405 | D:5      | 5405 ||| READING 3 scrolls of identify.
  5405 | D:5      | 5405 ||| IDENTIFYING puce potion
  5406 | D:5      | 5406 ||| READING 2 scrolls of identify.
  5406 | D:5      | 5406 ||| IDENTIFYING bubbling clear potion
  5407 | D:5      | 5407 ||| DROPPING potion of invisibility.
  5553 | D:6      | 5553 ||| Stepping ~*~*~tactically~*~*~ (stealth).
  5555 | D:6      | 5555 ||| Stepping ~*~*~tactically~*~*~ (stealth).
  5559 | D:6      | 5559 ||| Stepping ~*~*~tactically~*~*~ (stealth).
  5562 | D:6      | 5562 ||| Stepping ~*~*~tactically~*~*~ (stealth).
  5563 | D:6      | 5563 ||| Stepping ~*~*~tactically~*~*~ (stealth).
  5567 | D:6      | 5567 ||| Stepping ~*~*~tactically~*~*~ (stealth).
  5568 | D:6      | 5568 ||| Stepping ~*~*~tactically~*~*~ (stealth).
  5571 | D:6      | 5571 ||| Stepping ~*~*~tactically~*~*~ (hiding).
  5573 | D:6      | 5573 ||| Stepping ~*~*~tactically~*~*~ (hiding).
  5628 | D:6      | 5628 ||| READING scroll of enchant armour.
  5628 | D:6      | 5628 ||| ENCHANTING +0 helmet.
  5636 | D:6      | 5636 ||| Stepping ~*~*~tactically~*~*~ (hiding).
  5742 | D:6      | Noticed a two-headed ogre
  5743 | D:6      | Noticed qw's ghost (novice GrFi)
  5757 | D:6      | Found a runed translucent gate.
  5757 | D:6      | Found a runed translucent gate.
  5758 | D:6      | Found a runed translucent gate.
  5844 | D:6      | Reached skill level 6 in Fighting
  5965 | D:6      | Reached XP level 9. HP: 55/55 MP: 9/9
  6051 | D:7      | Found Qaydiw Sygub's Assorted Antiques.
  6053 | D:7      | 6053 ||| Stepping ~*~*~tactically~*~*~ (hiding).
  6054 | D:7      | 6054 ||| Stepping ~*~*~tactically~*~*~ (hiding).
  6062 | D:7      | 6062 ||| Stepping ~*~*~tactically~*~*~ (stealth).
  6069 | D:7      | 6069 ||| Stepping ~*~*~tactically~*~*~ (stealth).
  6070 | D:7      | 6070 ||| Stepping ~*~*~tactically~*~*~ (stealth).
  6134 | D:7      | 6134 ||| BUYING potion of curing (87 gold).
  6134 | D:7      | Bought a potion of curing for 87 gold pieces
  6134 | D:7      | 6134 ||| BUYING potion of lignification (87 gold).
  6134 | D:7      | Bought a potion of lignification for 87 gold pieces
  6134 | D:7      | 6134 ||| BUYING scroll of identify (58 gold).
  6134 | D:7      | Bought a scroll of identify for 58 gold pieces
  6134 | D:7      | 6134 ||| BUYING scroll of identify (58 gold).
  6134 | D:7      | Bought a scroll of identify for 58 gold pieces
  6162 | D:7      | Noticed a moth of wrath
  6166 | D:7      | Found a bloodstained altar of Trog.
  6419 | D:7      | Found a staircase to the Ecumenical Temple.
  6420 | D:7      | 6420 ||| PLANNING TEMPLE
  6420 | D:7      | 6420 ||| READING 4 scrolls of identify.
  6420 | D:7      | 6420 ||| IDENTIFYING yellow potion
  6421 | D:7      | 6421 ||| READING 3 scrolls of identify.
  6421 | D:7      | 6421 ||| IDENTIFYING murky yellow potion
  6422 | D:7      | 6422 ||| DROPPING potion of degeneration.
  6423 | D:7      | 6423 ||| DROPPING potion of ambrosia.
  6429 | D:7      | 6429 ||| Stepping ~*~*~tactically~*~*~ (stealth).
  6431 | D:7      | 6431 ||| Stepping ~*~*~tactically~*~*~ (hiding).
  6432 | D:7      | 6432 ||| Stepping ~*~*~tactically~*~*~ (hiding).
  6447 | D:7      | Reached skill level 9 in Axes
  6454 | Temple   | Entered the Ecumenical Temple
  6626 | Temple   | 6626 ||| PLANNING D:1-11
  6842 | D:7      | Found an iron altar of Okawaru.
  6843 | D:7      | 6843 ||| PLANNING OKAWARU WORSHIP
  7020 | D:7      | 7020 ||| UPGRADING to +0 pair of gloves.
  7025 | D:7      | 7025 ||| READING scroll labelled ISHOALIDDU.
  7031 | D:7      | Became a worshipper of Warmaster Okawaru
  7032 | D:7      | 7032 ||| PLANNING D:1-11
  7215 | D:7      | Found a hazy altar of Hepliaklqana.
  7228 | D:7      | 7228 ||| Stepping ~*~*~tactically~*~*~ (hiding).
  7407 | D:7      | Reached skill level 6 in Armour
  7496 | D:8      | Noticed a death yak
  7497 | D:8      | Noticed a death yak
  7499 | D:8      | 7499 ||| Stepping ~*~*~tactically~*~*~ (stealth).
  7501 | D:8      | Noticed a death yak
  7505 | D:8      | HP: 9/56 [death yak (6)]
  7506 | D:8      | 7506 ||| READING 3 scrolls of teleportation.
  7506 | D:8      | Mangled by a death yak

Levels and vault maps discovered:
D:1:      lightli_arrival_farm, layout_basic,
          hellmonk_ecumenical_altar_heavens_door
D:2:      layout_rooms, basic_altar
D:3:      layout_loops_corners, nrook_loot_triangle
D:4:      layout_basic, nicolae_dithmenos_shadow_blocks
D:5:      kennysheep_windowed_halls, layout_basic, serial_corexii_hall,
          chequers_hall_statues_y, corexii_hall_statues_deadend,
          corexii_hall_statues_x, interstate_on_off, uniq_edmund
D:6:      layout_basic, gammafunk_ghost_split, hex_tiny
D:7:      wander_river, layout_loops_cross, mainiacjoe_overflow_small_starburst,
          tgw_trog, lemuel_crystal_altar, minmay_temple_entry_mini_moons,
          serial_shops, shop_fountains
D:8:      layout_basic, mainiacjoe_overflow_alcove_4, dpeg_lair_monsters
Temple:   regret_index_temple_sphere_string

Skill      XL: |  1  2  3  4  5  6  7  8  9 |
---------------+----------------------------+-----
Axes           | 2 3 4 5 6 7 8 9 |  9.0
Fighting       | 4 5 6 |  6.6
Dodging        | 1 2 |  2.2
Armour         | 4 5 6 |  6.2
Throwing       | 1 |  1.3
Shields        | 4 |  4.0

Action                   |  1- 3 |  4- 6 |  7- 9 || total
-------------------------+-------+-------+-------++-------
Melee: War axe           |    77 |   166 |   254 ||   497
Throw: Boomerang         |       |       |    43 ||    43
  Use: Scroll            |     4 |    10 |    12 ||    26
       Potion            |     2 |     4 |       ||     6
 Stab: Distracted        |       |     1 |       ||     1
Armor: Scale mail        |    46 |    15 |       ||    61
       Plate armour      |       |   113 |   158 ||   271
Dodge: Dodged            |    30 |    56 |    59 ||   145
Block: Buckler           |     9 |    48 |    47 ||   104

Table legend:
 A = Non-vault XP
 B = Vault XP
 C = Vault XP percentage of total XP
 D = Non-vault monster count
 E = Vault monster count
 F = Vault count percentage of total count
                 A         B        C        D         E       F
            +---------+---------+-------+---------+---------+-------
      Total |    2509 |    1136 |  31.2 |     139 |      27 |  16.3
            +---------+---------+-------+---------+---------+-------
        D:1 |      31 |       0 |   0.0 |      18 |       0 |   0.0
        D:2 |     111 |       0 |   0.0 |      24 |       0 |   0.0
        D:3 |      44 |       0 |   0.0 |      13 |       0 |   0.0
        D:4 |     161 |       0 |   0.0 |      20 |       0 |   0.0
        D:5 |     443 |     915 |  67.4 |      25 |      21 |  45.7
        D:6 |     738 |       0 |   0.0 |      18 |       0 |   0.0
        D:7 |     896 |      12 |   1.3 |      20 |       5 |  20.0
        D:8 |      85 |     209 |  71.1 |       1 |       1 |  50.0
            +---------+---------+-------+---------+---------+-------
